 Dungeon Crawl Stone Soup version 0.30-a0-718-geaa24f58ff (webtiles) character file.

Game seed: 13332713631361896166

1643 ASSMAN the Fighter (level 9, -11/77 HPs)
             Began as a Formicid Monk on Jan 25, 2023.
             Was a Believer of Makhleb.
             Mangled by a red ugly thing (19 damage)
             ... on level 11 of the Dungeon.
             The game lasted 00:10:24 (5973 turns).

ASSMAN the Fighter (Formicid Monk)                  Turns: 5973, Time: 00:10:24

Health: -11/77     AC: 13    Str: 19    XL:     9   Next: 19%
Magic:  15/15      EV:  8    Int: 11    God:    Makhleb [**....]
Gold:   405        SH:  0    Dex: 16    Spells: 8/8 levels left

rFire   . . .      SeeInvis +    a - +1 mace
rCold   . . .      Faith    .    (no shield)
rNeg    . . .      Spirit   .    c - +2 chain mail {Will+}
rPois   .          Reflect  .    (helmet unavailable)
rElec   +          Harm     .    k - +0 cloak
rCorr   .          Rampage  .    (no gloves)
Will    +....                    u - +1 pair of boots of Courage {rElec} Stlth
                                 (no amulet)
HPRegen 0.32/turn                (no ring)
MPRegen 0.14/turn                (no ring)

@: flying, invisible
A: permanent stasis, dig shafts and tunnels, antennae 3, four strong arms
a: Dig, Shaft Self, Renounce Religion, Minor Destruction


You were on level 11 of the Dungeon.
You worshipped Makhleb.
Makhleb was pleased with you.
You visited 2 branches of the dungeon, and saw 10 of its levels.

You collected 405 gold pieces.

Inventory:

Hand Weapons
 a - a +1 mace (weapon)
 w - a +0 whip of holy wrath
Missiles
 j - 5 throwing nets
Armour
 c - a +2 chain mail of willpower (worn)
 g - a +0 chain mail
 k - a +0 cloak (worn)
 u - the +1 pair of boots of Courage (worn) {rElec}
   (You found it on level 4 of the Dungeon)

   rElec:     It insulates you from electricity.
Jewellery
 o - a ring of fire
Wands
 i - a wand of digging (8)
 r - a wand of light (4)
Scrolls
 b - a scroll of identify
 d - a scroll of fog
 m - a scroll of amnesia
 n - a scroll of fear {unknown}
 v - a scroll of brand weapon {unknown}
 x - 2 scrolls of noise {unknown}
Potions
 f - a potion of brilliance
 q - a potion of invisibility
 s - a potion of haste {unknown}
 t - 2 potions of curing {unknown}
 z - a potion of might {unknown}


   Skills:
 + Level 9.4 Fighting
 - Level 3.0 Maces & Flails
 - Level 2.7 Dodging
 - Level 2.5 Stealth
 * Level 8.9 Invocations


You had 8 spell levels left.
You didn't know any spells.
Your spell library was empty.

Dungeon Overview and Level Annotations

Branches:
Dungeon (11/15)            Temple (1/1) D:4
   Lair: D:8-11         Orc: D:9-12

Altars:
Ashenzari
Cheibriados
Dithmenos
Gozag
Hepliaklqana
Kikubaaqudgha
Makhleb
Nemelex Xobeh
Okawaru
Ru
Sif Muna
Trog
Uskayaw
Wu Jian
Yredelemnul
The Shining One

Shops:
D:2 ?

Annotations:
D:5 1 runed translucent door, flotson's ghost, weakling DsDe
D:8 Grum
D:10 Maggie
D:11 Erolcha


Innate Abilities, Weirdness & Mutations

You cannot be hasted, slowed, berserked, paralysed or teleported.
You can dig through walls and to a lower floor.
You have a pair of large antennae on your head. (SInv)
Your four strong arms can wield two-handed weapons with a shield.


Message History

The komodo dragon is lightly wounded.
The komodo dragon bites you but does no damage.
The komodo dragon barely misses you.
You hit the komodo dragon.
The komodo dragon is lightly wounded.
Maggie says, "Leave now, and tell all of Margery's mercy!"
The komodo dragon closely misses you.
You hit the komodo dragon.
The komodo dragon is lightly wounded.
The komodo dragon barely misses you.
You hit Maggie but do no damage.
Maggie is almost dead.
Maggie hits you but does no damage. The komodo dragon barely misses you.
Maggie gestures at you while chanting. The bolt of fire hits you!
You hit Maggie.
Maggie is almost dead.
The komodo dragon completely misses you.
Maggie barely misses you. The komodo dragon bites you!
You strike the helpless Maggie from behind!
You hit Maggie.
Maggie is almost dead.
You break out of your daze.
The komodo dragon bites you but does no damage.
You hit the komodo dragon.
The komodo dragon is moderately wounded.
The komodo dragon bites you!!
* * * LOW HITPOINT WARNING * * *
Maggie casts a spell past the komodo dragon.
There is a stone staircase leading down here.
Okay, then.
You fly downwards.
Level annotation: Erolcha The red ugly thing closely misses you.
The red ugly thing barely misses you.
There is a stone staircase leading up here.
The kobold brigand throws a poisoned dart.
The red ugly thing bites you.
* * * LOW HITPOINT WARNING * * *
You are engulfed in flames!!
You die...

#..#..# . #.o#{.#.{..
#.Yo....oo. {
#.{#..{.... .o.#.....$.
{{ ..{#{...... {
.{.#####################
..{# #...K............
.{{# #..Y....u@.......
..{#####[...............
...{...?..............##
######................#
#................#
.'.........#####..#
..#.....##### ..#
..#.....# .# .. #.....#


You could see a red ugly thing (unable to see you), a yak (unable to see you)
and a kobold brigand (unable to see you).

Vanquished Creatures
  A black bear (D:8)
  2 ice beasts (D:5)
  3 centaurs
  2 phantoms
  5 scorpions
  A gnoll sergeant (D:5)
  3 killer bees (D:8)
  3 hounds
  2 jellies (D:5)
  Jessica (D:2)
  An orc wizard (D:8)
  An iguana (D:5)
  10 gnolls
  5 adders
  2 shadow imps
  A white imp (D:6)
  A worm (D:4)
  5 dart slugs
  18 orcs
  7 ball pythons
  5 endoplasms
  2 giant cockroaches
  2 hobgoblins
  13 jackals
  6 quokkas
  4 bats
  2 frilled lizards
  6 goblins
  5 kobolds
  4 rats
123 creatures vanquished.

Notes
Turn   | Place    | Note
-------+----------+-------------------------------------------
     0 | D:1      | ASSMAN the Formicid Monk began the quest for the Orb.
     0 | D:1      | Reached XP level 1. HP: 18/18 MP: 1/1
    84 | D:1      | Reached XP level 2. HP: 13/24 MP: 2/2
   166 | D:1      | Found a faded altar of an unknown god.
   306 | D:1      | Reached skill level 4 in Fighting
   746 | D:1      | Reached XP level 3. HP: 30/30 MP: 3/3
  1041 | D:2      | Found Daqe Vyl's Magic Scroll Emporium.
  1139 | D:2      | Noticed Jessica
  1149 | D:2      | Killed Jessica
  1150 | D:2      | Reached skill level 5 in Fighting
  1150 | D:2      | Reached XP level 4. HP: 35/39 MP: 4/4
  1635 | D:2      | Reached XP level 5. HP: 46/46 MP: 5/5
  2244 | D:3      | Reached skill level 6 in Fighting
  2797 | D:4      | Reached XP level 6. HP: 47/53 MP: 6/6
  2876 | D:4      | Identified the +1 pair of boots of Courage {rElec}
  2921 | D:4      | Reached skill level 7 in Fighting
  3333 | D:4      | Found a staircase to the Ecumenical Temple.
  3377 | Temple   | Entered the Ecumenical Temple
  3380 | Temple   | Became a worshipper of Makhleb the Destroyer
  3380 | Temple   | Reached * piety under Makhleb
  3380 | Temple   | Reached ** piety under Makhleb
  3426 | D:4      | Reached skill level 1 in Invocations
  3966 | D:5      | Entered Level 5 of the Dungeon
  3971 | D:5      | Noticed an ice beast
  3981 | D:5      | Killed an ice beast
  3982 | D:5      | Reached XP level 7. HP: 34/61 MP: 7/9
  4129 | D:5      | Reached skill level 8 in Fighting
  4248 | D:5      | Found a runed translucent door.
  4272 | D:5      | Reached skill level 5 in Invocations
  4272 | D:5      | Reached XP level 8. HP: 46/68 MP: 11/11
  4353 | D:5      | Found a hazy altar of Hepliaklqana.
  4493 | D:5      | Found an ornate altar of the Wu Jian Council.
  4878 | D:5      | Noticed flotson's ghost (weakling DsDe)
  5029 | D:6      | You fall into a shaft and drop 2 floors!
  5148 | D:8      | Reached skill level 9 in Fighting
  5249 | D:8      | Reached XP level 9. HP: 68/76 MP: 15/15
  5442 | D:8      | Found a broken altar of Ashenzari.
  5631 | D:8      | Noticed Grum
  5650 | D:8      | You fall into a shaft and drop 3 floors!
  5796 | D:11     | Noticed a red ugly thing
  5826 | D:11     | Noticed Erolcha
  5844 | D:10     | Entered Level 10 of the Dungeon
  5942 | D:10     | Noticed Maggie
  5944 | D:10     | Noticed a komodo dragon
  5973 | D:11     | Mangled by a red ugly thing

Illustrated notes

Levels and vault maps discovered:
D:1:      sevenhm_arrival_forest_fort_small_6, layout_basic,
          shapermc_ecumenical_altar_petra
D:2:      layout_rooms, serial_shops, shop, minmay_tetromino_s4, uniq_jessica
D:3:      layout_loops_ring
D:4:      minmay_opposing_rooms, layout_basic, minmay_temple_entry_large_hall
D:5:      layout_basic, pf_just_have_faith, old_standard_altar,
          ebering_ghost_reflecting_pool, minmay_misc_feat_rugged
D:6:      layout_rooms, hex_large
D:8:      layout_basic, nicolae_ashenzari_skybound, patterned_corridor,
          uniq_grum
D:10:     minmay_razor_zed, layout_cave_pods, uniq_maggie
D:11:     gammafunk_beogh_shrine, layout_irregular_city, erik_orc_1,
          uniq_erolcha, uniq_sonja
Temple:   dpeg_three_leaves_temple

Skill      XL: |  1  2  3  4  5  6  7  8 |
---------------+-------------------------+-----
Fighting       | 4 5 6 7 8 9 |  9.4
Invocations    | 3 5 8 |  8.9
Maces & Flails | |  3.0
Dodging        | |  2.7
Stealth        | |  2.5

Action                     |  1- 3 |  4- 6 |  7- 9 || total
---------------------------+-------+-------+-------++-------
  Melee: Mace              |    72 |   207 |    50 ||   329
         Punch             |       |     1 |     1 ||     2
 Invoke: Minor Destruction |       |     3 |   110 ||   113
Ability: Dig               |       |     1 |     1 ||     2
         Shaft Self        |       |       |     2 ||     2
  Evoke: Wand              |       |       |     9 ||     9
    Use: Scroll            |       |     8 |     4 ||    12
         Potion            |       |       |     4 ||     4
   Stab: Sleeping          |    11 |     2 |       ||    13
         Distracted        |       |     1 |       ||     1
         Invisible         |       |       |     1 ||     1
 Armour: Robe              |    15 |    15 |       ||    30
         Chain mail        |       |   108 |    98 ||   206
  Dodge: Dodged            |    50 |   137 |    75 ||   262

Table legend: (Time is in decaauts)
 A = Elapsed time spent in this place.
 B = Non-inter-level travel time spent in this place.
 C = Inter-level travel time spent in this place.
 D = Time resting spent in this place.
 E = Time spent auto-exploring this place.
 F = Levels seen in this place.
 G = Mean time per level.
                   A        B        C        D        E       F      G
               +--------+--------+--------+--------+--------+-----+--------+
         Total |   6052 |   5833 |    219 |    226 |   4530 |  10 |  605.2 |
       Dungeon |   6046 |   5830 |    216 |    226 |   4530 |   9 |  671.8 |
        Temple |      6 |      3 |      3 |      0 |      0 |   1 |    6.0 |
               +--------+--------+--------+--------+--------+-----+--------+

Top non-repeatable levels by time:
     D:4: 1381 daAuts
     D:1: 1012 daAuts
     D:2: 956 daAuts
     D:5: 933 daAuts
     D:3: 677 daAuts
     D:8: 623 daAuts
    D:11: 200 daAuts
     D:6: 134 daAuts
    D:10: 126 daAuts
  Temple: 6 daAuts
